 Dungeon Crawl Stone Soup version 0.28.0-53-g5a82cb258f (webtiles) character file.

Game seed: 9583473427704117844

149 bnorton916 the Magician (level 5, -12/28 HPs)
             Began as a Deep Elf Fire Elementalist on May 21, 2022.
             Was an Initiate of Gozag.
             Mangled by Pikel
             ... wielding a +1 whip of electrocution
              (17 damage)
             ... on level 3 of the Dungeon.
             The game lasted 00:04:05 (4318 turns).

bnorton916 the Magician (DEFE)                      Turns: 4318, Time: 00:04:06

Health: -12/28     AC:  4    Str:  5    XL:     5   Next: 9%
Magic:  13/14      EV: 12    Int: 22    God:    Gozag
Gold:   376        SH:  0    Dex: 15    Spells: 12/13 levels left

rFire   . . .      SeeInvis .   o - +2 spear (venom)
rCold   . . .      Faith    .   (no shield)
rNeg    . . .      Spirit   .   a - +0 robe
rPois   .          Reflect  .   u - +0 helmet
rElec   .          Harm     .   l - +0 cloak
rCorr   .          Rampage  .   (no gloves)
Will    ++...                   (no boots)
Stlth   ++........              (no amulet)
HPRegen 0.09/turn               n - ring of willpower
MPRegen 0.14/turn               i - ring of willpower

@: no status effects
A: no striking features
a: Renounce Religion, Potion Petition, Call Merchant, Bribe Branch


You were on level 3 of the Dungeon.
You worshipped Gozag.
Gozag was aware of your devotion.
You visited 1 branch of the dungeon, and saw 4 of its levels.

You collected 397 gold pieces.
You paid 21 gold pieces to Gozag.

Inventory:

Hand Weapons
 o - a +2 spear of venom (weapon)
 p - a +1 whip of pain
 t - a +1 dagger of freezing
 w - a +2 dagger of venom
Missiles
 c - 111 stones
 m - 6 poisoned darts
Armour
 a - a +0 robe (worn)
 l - a +0 cloak (worn)
 u - a +0 helmet (worn)
Jewellery
 i - a ring of willpower (right hand)
 n - a ring of willpower (left hand)
Scrolls
 b - a scroll of amnesia {unknown}
 d - 2 scrolls of identify {unknown}
 e - a scroll of brand weapon {unknown}
 f - a scroll of enchant weapon {unknown}
 k - a scroll of silence {unknown}
 q - a scroll of immolation {unknown}
 r - a scroll of magic mapping {unknown}
Potions
 g - 2 potions of lignification {unknown}
 h - 2 potions of berserk rage {unknown}
 j - 5 potions of curing {unknown}
 s - a potion of haste {unknown}
 v - a potion of invisibility {unknown}


   Skills:
 - Level 2.4 Dodging
 - Level 2.4 Stealth
 + Level 4.8 Spellcasting
 + Level 3.2 Conjurations
 + Level 4.5 Fire Magic


You had 12 spell levels left.
You knew the following spells:

 Your Spells              Type           Power      Damage    Failure   Level
a - Foxfire               Conj/Fire      88%        2x1d8     1%          1

Your spell library contained the following spells:

 Spells                   Type           Power      Damage    Failure   Level
 Scorch                   Fire           50%        2d7       2%          2
 Conjure Flame            Conj/Fire      22%        6-21      6%          3
 Inner Flame              Hex/Fire       15%        N/A       12%         3
 Flame Wave               Conj/Fire      22%        2d7       21%         4
 Conjure Ball Lightning   Conj/Air       6%         3x3d6     100%        6
 Discord                  Hex            2%         N/A       100%        8
 Disjunction              Tloc           2%         N/A       100%        8


Dungeon Overview and Level Annotations

Branches:
Dungeon (4/15)
 Temple: D:4-7

Altars:
Gozag

Annotations:
D:3 Pikel


Message History

A lemure comes into view.
You hear a shout!
The foxfire hits Pikel!
Pikel is lightly wounded.
The foxfire hits the quokka.
You kill the quokka!
A lemure comes into view.
Unknown command.
Casting: Foxfire (safe; 1% risk of failure)
Confirm with . or Enter, or press ? or * to list all spells.
You conjure some foxfire!
The foxfire hits Pikel.
Pikel is moderately wounded.
A lemure comes into view.
The foxfire hits Pikel.
Pikel is moderately wounded.
Unknown command.
Casting: Foxfire (safe; 1% risk of failure)
Confirm with . or Enter, or press ? or * to list all spells.
You conjure some foxfire!
The foxfire hits Pikel.
Pikel is moderately wounded.
Unknown command.
Pikel is distracted by your dazzling golden aura.
You climb upwards.
There is a stone staircase leading down here.
Unknown command.
You hit Pikel.
Pikel is poisoned.
Pikel is no longer distracted by gold.
Pikel is heavily wounded.
Pikel hits you with a +1 whip of electrocution.
You are electrocuted!!
Ouch! That really hurt!
* * * LOW HITPOINT WARNING * * *
Unknown command.
Pikel says, "I knew I should've brought a map."
Pikel looks more healthy.
Pikel hits you but does no damage.
You are electrocuted!
Ouch! That really hurt!
You die...
Your body crumbles into a pile of gold.

# #.#
#.##...#####......
#.#####.##...#
#......
#............#
#......
#.########.#.#
#...... #.# ##.#.#
###.... #.# #....#
#.... #.# #.#..#
#.... #.#
####.#..##########.
# #.#
#.@..#..>..........
##########.#
#K#######.########.
...........#
#....#....# ####.
##########.#
####.#..### #....
#.# #.#..# #.##>
######## #.# #...##
#.### .......###.#
###.# #.###
.###.......# #.#
#.... ..##.#>###.#
#.# #####


You could see Pikel.

Vanquished Creatures
  Robin (D:2)
  4 gnolls
  3 adders
  2 worms
  2 dart slugs (D:3)
  An orc (D:3)
  2 ball pythons
  6 bats
  3 endoplasms
  A giant cockroach (D:2)
  16 goblins
  4 hobgoblins
  4 jackals (D:2)
  2 kobolds
  3 quokkas
  A frilled lizard (D:1)
  4 rats
59 creatures vanquished.

Vanquished Creatures (others)
  231 foxfires
231 creatures vanquished.

Grand Total: 290 creatures vanquished

Notes
Turn   | Place    | Note
-------+----------+-------------------------------------------
     0 | D:1      | bnorton916 the Deep Elf Fire Elementalist began the quest
                  | for the Orb.
     0 | D:1      | Reached XP level 1. HP: 10/10 MP: 6/6
   348 | D:1      | Reached XP level 2. HP: 15/15 MP: 4/8
   740 | D:2      | Found an opulent altar of Gozag.
   750 | D:2      | Became a worshipper of Gozag Ym Sagoz the Greedy
   799 | D:2      | Reached XP level 3. HP: 19/19 MP: 8/10
  2181 | D:2      | Reached XP level 4. HP: 24/24 MP: 12/12
  3553 | D:3      | Noticed Robin
  3844 | D:2      | Killed Robin
  3867 | D:3      | Reached XP level 5. HP: 28/28 MP: 12/14
  4298 | D:4      | Noticed Pikel
  4298 | D:4      | Noticed a lemure
  4299 | D:4      | Noticed a lemure
  4300 | D:4      | Noticed a lemure
  4302 | D:4      | Noticed a lemure
  4318 | D:3      | Mangled by Pikel

Illustrated notes

Levels and vault maps discovered:
D:1:      lemuel_arrival_muddy, layout_basic, minmay_pentomino_s2
D:2:      layout_basic, basic_altar, interstate_on_off, st_stairs_13,
          kennysheep_crisscross
D:3:      layout_loops_ring, nicolae_concentric_dashed_squares_wild,
          amethyst_killhole, uniq_robin
D:4:      layout_loops_corners, uniq_pikel

Skill      XL: |  1  2  3  4 |
---------------+-------------+-----
Conjurations   | 2 3 |  3.2
Spellcasting   | 4 |  4.8
Fire Magic     | 4 |  4.5
Dodging        | |  2.4
Stealth        | |  2.4

Action                   |  1- 3 |  4- 6 || total
-------------------------+-------+-------++-------
Melee: Spear             |     4 |    10 ||    14
 Cast: Foxfire           |    71 |    71 ||   142
Armor: Robe              |     3 |     3 ||     6
Dodge: Dodged            |    11 |    13 ||    24
